[Event "76.Camp.Veneto-Open A,"]
[Site "Conegliano ITA"]
[Date "2016.05.15"]
[Round "5"]
[White "Binder, Andrea"]
[Black "Renier, Renzo"]
[Result "1-0"]
[ECO "C01"]
[WhiteElo "1916"]
[BlackElo "1954"]
[Annotator "Gabriele Ballarin"]
[PlyCount "31"]
[EventDate "2016.05.13"]
[EventType "swiss"]
[EventRounds "5"]
[EventCountry "ITA"]
[TimeControl "5400+30"]

1. e4 e6 2. d4 d5 3. exd5 exd5 4. c4 Nf6 5. Nc3 Bb4 (5... Be7 6. Nf3 O-O 7. Be3 c6 8. Qb3 dxc4 9. Bxc4 Nbd7 10. d5 b5 11. Bd3 b4 12. dxc6 bxc3 13. cxd7 cxb2 14. Qxb2 Bxd7) 6. Bd3 O-O 7. Nf3 dxc4 8. Bxc4 Ne4 (8... Bg4) (8... Re8+) 9. Qb3 (9. O-O Nxc3 10. bxc3 Bxc3 11. Rb1 c5 12. Ng5) 9... Nc6 10. Bd3 (10. O-O Bxc3 11. bxc3 Na5 12. Qb4 Nxc4 13. Qxc4 Be6) 10... Bf5 (10... Be6 11. Qc2 Nxc3 12. bxc3 Nxd4 13. Nxd4 Qxd4 14. O-O Qxc3 15. Bxh7+ Kh8 16. Qe4 Qc4 (16... Qxa1 $4 17. Bg5 $1)) 11. Be3 $2 Nd6 $6 (11... Nc5 $1 12. dxc5 Qxd3 13. Rd1 Qa6 14. a3 Ba5 15. Kd2 b5 16. Kc1 b4) 12. Bxf5 Nxf5 13. O-O-O Nxe3 14. fxe3 Re8 $2 (14... Bxc3 15. Qxc3 Qd5) 15. d5 Bxc3 16. dxc6 1-0

[Event "49.CIS Serie Promozione Veneto G1"]
[Site "Monselice"]
[Date "2017.03.26"]
[Round "3.1"]
[White "Polato, Mirko"]
[Black "Renier, Renzo"]
[Result "1/2-1/2"]
[ECO "A45"]
[WhiteElo "1812"]
[BlackElo "1943"]
[Annotator "Gabriele Ballarin"]
[PlyCount "128"]
[EventDate "2017.03.26"]
[EventType "team"]
[EventRounds "3"]
[EventCountry "ITA"]
[WhiteTeam "Monselice"]
[BlackTeam "Cavarzere Gregianin"]
[WhiteTeamCountry "ITA"]
[BlackTeamCountry "ITA"]
[TimeControl "5400+30"]

1. d4 Nf6 2. Bf4 d6 3. e3 Nc6 4. Nf3 e6 5. Nbd2 Be7 6. h3 O-O 7. c3 Nd7 (7... Nd5 8. Bg3 f5) 8. Bh2 Bf6 9. Qc2 e5 10. d5 Ne7 11. e4 Ng6 12. O-O-O Bg5 13. Kb1 a5 14. g3 Nc5 15. Nb3 Nxb3 16. axb3 f5 17. Nxg5 Qxg5 18. h4 Qf6 (18... Qg4) 19. Bh3 fxe4 20. Bxc8 Raxc8 21. Rhf1 Qf3 22. Rde1 Ne7 (22... e3 23. c4 (23. fxe3 Qxf1 24. Rxf1 Rxf1+ 25. Ka2 Rcf8)) 23. c4 Qd3 $6 (23... Qg2 24. Bg1 Nf5) 24. Qxd3 exd3 25. Re3 Rce8 (25... d2 $1) 26. Rxd3 Nf5 27. Bg1 e4 28. Rdd1 e3 $6 (28... Rf6) 29. fxe3 Nxg3 30. Rxf8+ Rxf8 31. Kc2 Nf5 32. Bf2 Nh6 (32... Nd4+) 33. Bg3 Rf3 34. Bf4 Nf5 35. Kd3 Nxh4 (35... Rh3) 36. Rh1 Ng6 37. Ke2 Rxf4 38. exf4 Nxf4+ 39. Ke3 Ng6 40. Ke4 Ne7 41. Kf4 h6 42. Ra1 c6 $2 (42... g5+ 43. Ke4 b6 44. b4 axb4 45. Ra7 g4 46. Rxc7 g3 47. Kf3 Nf5 48. Rc6 h5 49. Kg2 h4 50. Kh3) 43. dxc6 bxc6 44. Rxa5 Kf7 45. b4 Ke6 46. Ra1 g5+ 47. Kg4 Ng6 48. Kh5 Ne5 49. Re1 Kd7 50. c5 Nd3 51. Rd1 Nxb4 52. Rxd6+ Kc7 53. Rxh6 Nd3 54. Rh7+ Kc8 55. Kxg5 Nxc5 56. Kf5 Nd3 57. Rh2 Kc7 58. Rd2 Nb4 59. Ke6 Na6 60. Rc2 Nb4 61. Rc4 Na6 62. b4 Kb6 63. Kd6 Kb5 64. Rxc6 Nxb4 {(=)} 1/2-1/2

[Event "49.CIS Serie Promozione Veneto G1"]
[Site "Monselice"]
[Date "2017.03.26"]
[Round "3.2"]
[White "Belloni, Umberto"]
[Black "Calicchia, Giovanni"]
[Result "1/2-1/2"]
[ECO "D00"]
[WhiteElo "1746"]
[BlackElo "1799"]
[Annotator "Gabriele Ballarin"]
[PlyCount "162"]
[EventDate "2017.03.26"]
[EventType "team"]
[EventRounds "3"]
[EventCountry "ITA"]
[WhiteTeam "Cavarzere Gregianin"]
[BlackTeam "Monselice"]
[WhiteTeamCountry "ITA"]
[BlackTeamCountry "ITA"]
[TimeControl "5400+30"]

1. d4 d5 2. Bf4 Nf6 3. c3 Nbd7 4. e3 e6 5. Bg3 Ne4 6. f4 Be7 7. Nd2 Ndf6 8. Bd3 Bd7 9. Bh4 c5 10. Bxf6 Nxf6 11. Ngf3 b5 12. Ne5 Qb6 13. O-O Rc8 14. Nxd7 Nxd7 15. Qg4 O-O 16. Qh3 f5 17. g4 g6 18. g5 Rf7 19. Qg2 b4 20. Nf3 Bd6 21. Qf2 Nf8 22. Rac1 Rfc7 23. Qd2 a5 24. Bb1 Rc6 25. Rcd1 Qc7 26. Ne5 Bxe5 27. fxe5 cxd4 28. cxd4 Nd7 29. h4 Nb6 30. b3 Rc3 31. Qe2 Na8 32. Rde1 Qb6 33. h5 Qd8 34. Qg2 Nc7 35. hxg6 hxg6 36. Qg3 Nb5 37. Qh4 Qe7 38. Qh6 Qh7 39. Qxh7+ Kxh7 40. Kf2 Na3 41. Re2 Kg7 42. Rh1 Nxb1 43. Rxb1 Rh8 44. Rg1 Rh4 45. Rg2 f4 46. exf4 Rxf4+ 47. Ke1 Rxd4 48. Kf2 Rf4+ 49. Ke1 Rff3 50. Kd2 Rfd3+ 51. Ke1 Rg3 52. Kd2 Rxg2 53. Rxg2 Rf3 54. Re2 Rf5 55. Kd3 Rxg5 56. Kd4 Rg4+ 57. Kc5 g5 (57... Re4 $1 58. Rd2 (58. Rxe4 dxe4 59. Kd4 g5 60. Kxe4 Kg6 61. Ke3 g4) 58... Rxe5 59. Kb6 d4 60. Rxd4 g5) 58. Kd6 Kf7 59. Rc2 d4 60. Rc7+ Kg6 61. Kxe6 d3 62. Rd7 Rg3 63. Rd5 g4 64. Kd7 Re3 65. e6 Kf6 66. Rd6 g3 67. e7+ Kf7 68. e8=Q+ Rxe8 69. Rxd3 Re7+ 70. Kd8 Re8+ 71. Kd7 Re7+ 72. Kd8 Re2 (72... g2 $1) 73. Rxg3 Rxa2 74. Kc7 Ra3 75. Rg5 Rxb3 76. Rxa5 Rc3+ 77. Kb6 b3 78. Rb5 Ke6 79. Ka5 Kd6 80. Ka4 Rc6 81. Rxb3 Ra6+ 1/2-1/2

[Event "49.CIS Serie Promozione Veneto G1"]
[Site "Monselice"]
[Date "2017.03.26"]
[Round "3.3"]
[White "Gialain, Mirco"]
[Black "Bagolin, Renzo"]
[Result "0-1"]
[ECO "C00"]
[WhiteElo "1461"]
[BlackElo "1798"]
[Annotator "Gabriele Ballarin"]
[PlyCount "52"]
[EventDate "2017.03.26"]
[EventType "team"]
[EventRounds "3"]
[EventCountry "ITA"]
[WhiteTeam "Monselice"]
[BlackTeam "Cavarzere Gregianin"]
[WhiteTeamCountry "ITA"]
[BlackTeamCountry "ITA"]
[TimeControl "5400+30"]

1. e4 e6 2. Nf3 d5 3. exd5 exd5 4. d4 Nf6 5. Bd3 Be7 6. h3 h6 7. O-O O-O 8. Bf4 Nbd7 $6 (8... Bd6) 9. Nbd2 $6 (9. Nc3) 9... c5 10. c4 Nb6 (10... cxd4 11. Nxd4 Nc5 12. N2f3 Bd6) 11. Be3 cxd4 (11... Be6) 12. Bxd4 Be6 13. Qc2 $2 (13. c5 Nbd7 14. b4) 13... dxc4 14. Nxc4 $4 Nxc4 15. Bxc4 Rc8 16. b3 b5 17. Bb2 bxc4 18. bxc4 Rxc4 19. Qe2 Qb6 20. Bxf6 Bxf6 21. Rab1 Qc7 22. Rfd1 Rc2 23. Qa6 Rxa2 24. Qb7 Qxb7 25. Rxb7 a5 26. Nd2 Rd8 0-1

[Event "49.CIS Serie Promozione Veneto G1"]
[Site "Monselice"]
[Date "2017.03.26"]
[Round "3.5"]
[White "Ferrari, Carlino"]
[Black "Aldrigo, Pietro"]
[Result "1-0"]
[ECO "E32"]
[WhiteElo "1593"]
[BlackElo "1440"]
[Annotator "Gabriele Ballarin"]
[PlyCount "71"]
[EventDate "2017.03.26"]
[EventType "team"]
[EventRounds "3"]
[EventCountry "ITA"]
[WhiteTeam "Cavarzere Gregianin"]
[BlackTeam "Monselice"]
[WhiteTeamCountry "ITA"]
[BlackTeamCountry "ITA"]
[TimeControl "5400+30"]

1. d4 Nf6 2. c4 e6 3. Nf3 b6 4. Nc3 Bb4 5. Qc2 Bb7 6. a3 Bxc3+ 7. Qxc3 O-O 8. Bg5 d6 9. Nd2 Nbd7 10. e4 e5 11. d5 Qc8 $6 (11... Nxd5 12. Bxd8 (12. cxd5 Qxg5 13. h4 (13. Qxc7 $2 Nc5 14. h4 Qh6 15. Be2 Rac8 16. Qe7 f6 17. Bg4 Rfe8 18. Be6+ Nxe6 19. Qxb7 Rc2) 13... Qd8)) 12. f3 c6 13. Rc1 cxd5 14. cxd5 a5 $2 (14... Qd8) 15. Bb5 Ba6 16. Bc6 Ra7 17. Nc4 Bxc4 18. Qxc4 Rc7 19. O-O Nc5 20. b4 axb4 21. axb4 Na6 22. b5 $2 (22. Qb5 Nb8 23. Qxb6) 22... Nc5 23. Ra1 Nfd7 $2 24. Be7 Nb8 25. Bxf8 (25. Bxd6) 25... Kxf8 26. Ra8 Ncd7 27. Rfa1 g6 28. Qb4 Nc5 29. Rxb8 Qxb8 30. Ra8 Qxa8 31. Bxa8 Rc8 32. Bc6 Rc7 33. Qa3 Ke7 34. Qa8 Nd7 35. Bxd7 Rxd7 36. Qc6 1-0

[Event "78. C.to Provinciale 14.Open"]
[Site "Ferrara ITA"]
[Date "2018.01.12"]
[Round "1"]
[White "Bindini, Daniele"]
[Black "Renier, Renzo"]
[Result "0-1"]
[ECO "D94"]
[WhiteElo "1624"]
[BlackElo "1936"]
[Annotator "Gabriele Ballarin"]
[PlyCount "76"]
[EventDate "2018.01.12"]
[EventType "swiss"]
[EventRounds "5"]
[EventCountry "ITA"]
[TimeControl "5400+30"]

1. d4 Nf6 2. Nf3 g6 3. c4 Bg7 4. Nc3 d5 5. Bf4 O-O 6. e3 c5 $1 7. Be2 (7. dxc5 Qa5) 7... cxd4 8. exd4 Nc6 9. O-O Bg4 10. Ne5 (10. c5 Ne4 11. Be3 (11. h3 Bxf3 12. Bxf3 Nxd4 13. Nxe4 dxe4 14. Bxe4 Rc8 15. b4 Qd7) 11... e6 12. h3 Bxf3 13. Bxf3 f5 14. Bxe4 dxe4 15. Qb3 Qd7 16. d5 exd5) 10... Bxe2 11. Nxe2 dxc4 (11... Nxe5 12. dxe5 (12. Bxe5 dxc4) 12... Nh5 13. cxd5 Nxf4 14. Nxf4 Bxe5) 12. Nxc4 Nd5 13. Be5 Nb6 (13... Nxe5 14. Nxe5 (14. dxe5 b5) 14... Qd6) 14. Bxg7 Kxg7 15. Nxb6 Qxb6 16. Rb1 e6 (16... Rfd8) 17. Qd3 Rfd8 18. Rfd1 Rd5 $6 (18... Rd6) 19. Qc3 Rad8 $6 (19... Kg8 $1) 20. a3 $2 (20. Nf4 $1 R5d6 21. d5+ Kg8 22. Qf3 exd5 23. Rxd5 Rxd5 24. Nxd5 Qc5 25. Nc3) 20... Kg8 (20... e5 $1) 21. g3 Nxd4 (21... e5 $1) 22. Nxd4 Rxd4 23. Rf1 Rd3 (23... Rd2) 24. Qf6 Qd4 25. Qe7 Rd7 26. Qe8+ Kg7 27. Qc8 h5 28. Kg2 h4 29. Rbe1 hxg3 (29... Qd5+ $1 30. f3 h3+ 31. Kg1 (31. Kxh3 Qh5+ 32. Kg2 Rd2+ 33. Rf2 Rxf2+ 34. Kxf2 Qxh2+ 35. Kf1 Qh1+ 36. Kf2 (36. Ke2 Qg2+ 37. Ke3 Qd2+ 38. Ke4 Qd4#) 36... Rd2+ 37. Ke3 Qxe1+) 31... Qd4+ 32. Rf2 (32. Kh1 Qxb2) 32... Rd1 33. Rxd1 Qxd1+ 34. Rf1 Qe2 35. Rf2 Rd1+) 30. Re3 (30. hxg3 Rd2 31. b4 Rd5 32. Qc1 Rf5) 30... Rxe3 (30... Qd5+ $1 31. Kxg3 Qg5+ 32. Kf3 R7d4 33. h3 Qf4+ 34. Kg2 Rxe3) 31. fxe3 Qxb2+ (31... Qe4+ 32. Kh3 g2 33. Qc3+ Kh7 34. Rf4 (34. Re1 Qf3+ 35. Kh4 g5+) 34... Qxf4) 32. Kxg3 Qe5+ 33. Kf3 Rd3 (33... Rd2) 34. Qc1 Qc3 35. Qxc3+ Rxc3 36. Ra1 b5 37. a4 b4 38. Rb1 a5 0-1

[Event "78. C.to Provinciale 14.Open"]
[Site "Ferrara ITA"]
[Date "2018.01.13"]
[Round "2"]
[White "Renier, Renzo"]
[Black "Rosina, Graziano"]
[Result "1-0"]
[ECO "C43"]
[WhiteElo "1936"]
[BlackElo "1789"]
[Annotator "Gabriele Ballarin"]
[PlyCount "39"]
[EventDate "2018.01.12"]
[EventType "swiss"]
[EventRounds "5"]
[EventCountry "ITA"]
[TimeControl "5400+30"]

1. e4 e5 2. Nf3 Nf6 3. d4 Nxe4 4. Bd3 d5 5. O-O (5. Nxe5 Bd6 (5... Nd7) 6. O-O O-O 7. c4 Bxe5 8. dxe5 Nc6 9. cxd5 Qxd5 10. Qc2 Nb4 11. Bxe4 Nxc2 12. Bxd5 Bf5 13. g4 Bxg4 14. Be4 Nxa1 15. Bf4 f5 16. Bd5+ Kh8 17. Rc1 c6 18. Bg2 Rfd8 19. Nd2 Rxd2 20. Bxd2 Rd8 21. Bc3 Rd1+ 22. Rxd1 Bxd1 23. Bf1 Kg8 24. Bd3 f4 25. Bf5 Nc2 26. Bc8 c5 27. Bxb7 Nd4) 5... exd4 6. Re1 Be6 $6 (6... Be7) 7. Nxd4 Qf6 $6 8. Bxe4 dxe4 9. Nxe6 (9. Nc3) 9... fxe6 (9... Qxe6) 10. Nc3 Be7 11. Qh5+ Qf7 12. Qb5+ Nd7 13. Qxb7 O-O 14. Be3 Bc5 15. Qxe4 Nf6 16. Qf3 Bb4 17. a3 $1 Bxc3 18. bxc3 Qg6 19. Bc5 Rf7 $4 (19... Rfe8 20. Rxe6) 20. Qxa8+ 1-0

[Event "78. C.to Provinciale 14.Open"]
[Site "Ferrara ITA"]
[Date "2018.01.13"]
[Round "3"]
[White "Dobboletta, Alex"]
[Black "Renier, Renzo"]
[Result "1/2-1/2"]
[ECO "D89"]
[WhiteElo "2155"]
[BlackElo "1936"]
[Annotator "Gabriele Ballarin"]
[PlyCount "154"]
[EventDate "2018.01.12"]
[EventType "swiss"]
[EventRounds "5"]
[EventCountry "ITA"]
[TimeControl "5400+30"]

1. c4 Nf6 2. Nc3 g6 3. d4 d5 4. cxd5 Nxd5 5. e4 Nxc3 6. bxc3 Bg7 7. Bc4 c5 8. Ne2 Nc6 9. Be3 O-O 10. O-O cxd4 11. cxd4 Bg4 12. f3 Na5 13. Bd3 Be6 14. d5 Bxa1 15. Qxa1 f6 16. Bh6 (16. Qd4) (16. Rb1) 16... Re8 17. Kh1 a6 {(anche Fritz gioca così)} (17... Bd7 18. e5 Rc8 19. Nf4 Nc4 20. e6 Ba4 $17 {Gligoric-Idigoras, Mar del Plata 1955}) 18. Nf4 Bf7 $6 (18... Bd7 19. e5 Bb5) 19. e5 g5 20. e6 Bxe6 $2 (20... gxf4 21. Qb1 Qxd5 22. Bxh7+ Kh8 23. exf7 Qxf7 24. Bg6) 21. Nxe6 (21. Qb1 $1) 21... Qxd5 22. Qc3 Qxe6 $6 (22... Rac8) 23. Qxa5 Rad8 24. Be4 $2 b5 (24... f5 $1) 25. Qc3 Rc8 $6 {(=)} (25... Rd6) 26. Qd3 Qf7 27. f4 Red8 28. Qf3 f5 (28... gxf4) 29. fxg5 e6 30. g4 f4 31. g6 hxg6 32. Bxf4 Rc4 33. Bg5 Rf8 $1 34. Qxf7+ Rxf7 35. Re1 Rf2 36. a3 Kg7 (36... Kf7) 37. Kg1 Ra2 38. Be7 a5 39. h4 b4 40. axb4 axb4 41. h5 b3 42. hxg6 Rxe4 (42... b2 $1 43. Bd3 Ra1 (43... Rc1 44. Bb4 Ra3) 44. Kf2 Rxe1 45. Kxe1 Rc3 46. Bb1 Rc1+ 47. Kd2 Rxb1 48. Kc2 Rg1 49. Kxb2 Rxg4) 43. Rxe4 b2 44. Rb4 Ra1+ (44... Kxg6 $1) 45. Kf2 b1=Q 46. Rxb1 Rxb1 47. Kf3 Kxg6 48. Kf4 Kf7 (48... Rf1+ 49. Ke5 Re1+ 50. Kf4 e5+ 51. Kf3 Kf7 52. Bg5 Rf1+ 53. Ke4 Ke6) 49. Bd6 Rf1+ 50. Kg5 Rd1 51. Be5 Rd5 52. Kf4 Ra5 53. Bc3 Ra4+ 54. Kg5 Rc4 55. Bb2 Rc5+ 56. Kf4 Kg6 57. Bh8 Rc1 58. g5 Rc5 59. Bf6 Kf7 60. Ke4 Rf5 61. Bd8 Ke8 62. Bf6 Kd7 63. Kd4 Kd6 64. Ke4 Ra5 $2 (64... Kc6 65. Kd4 Rf1 66. Be5 Rg1 67. Bf4 Kd7 68. Ke5 Ke7 69. Bd2 Rg2 70. Bb4+ Kf7 71. Kf4 Kg6 72. Be7 Rf2+ 73. Ke5 Re2+ 74. Kf4 e5+ 75. Kf3 Re1 76. Bb4 Rf1+ 77. Kg2 Ra1 78. Be7 Kf5) 65. g6 $1 Ra4+ 66. Kf3 e5 67. g7 Ra8 68. Ke4 Re8 69. g8=Q Rxg8 70. Bxe5+ Ke6 71. Bf4 Rg4 72. Kf3 Kf5 73. Bg3 Ra4 74. Kg2 Kg4 75. Bh2 Ra2+ 76. Kh1 Ra1+ 77. Bg1 Kh3 1/2-1/2

[Event "78. C.to Provinciale 14.Open"]
[Site "Ferrara ITA"]
[Date "2018.01.14"]
[Round "4"]
[White "Renier, Renzo"]
[Black "Vincenzi, Marco"]
[Result "1/2-1/2"]
[ECO "C99"]
[WhiteElo "1936"]
[BlackElo "2052"]
[Annotator "Gabriele Ballarin"]
[PlyCount "89"]
[EventDate "2018.01.12"]
[EventType "swiss"]
[EventRounds "5"]
[EventCountry "ITA"]
[TimeControl "5400+30"]

1. e4 e5 2. Nf3 Nc6 3. Bb5 a6 4. Ba4 Nf6 5. O-O Be7 6. Re1 b5 7. Bb3 O-O 8. c3 d6 9. h3 Na5 10. Bc2 c5 11. d4 Qc7 12. Nbd2 cxd4 13. cxd4 Bd7 14. Nf1 Rac8 15. Bd3 (15. Ne3) (15. Re2) 15... Nc6 16. Be3 exd4 17. Nxd4 Ne5 18. Rc1 (18. Bc2 d5 19. Ng3 dxe4 (19... Nxe4) 20. Nxe4 Nxe4 21. Bxe4 Nc4 22. Qd3 g6 23. Bh6 Rfe8 24. Qf3 Bf8 25. Bxf8) 18... Qb7 19. Rxc8 Rxc8 20. Ng3 Nxd3 21. Qxd3 d5 22. e5 Ne4 23. Ndf5 Bf8 24. Rd1 Be6 25. Nxe4 $6 (25. f3) 25... dxe4 26. Nd6 exd3 27. Nxb7 Bxa2 28. Rxd3 h6 (28... f6) 29. Nd6 Rc6 30. Kh2 (30. b4 $1) 30... b4 31. Rd1 Bb3 32. Rc1 Bc2 33. Nf5 b3 34. Nd4 Rc4 35. Nxc2 (35. Ra1 $5 Bb4 36. Rxa6 Bc3 37. e6 fxe6 38. Nxb3 Be5+ 39. f4 Bxf4+ 40. Bxf4 Rxf4 41. Nc5 Rb4 42. Nxe6 Rxb2 43. Ra7 g5) 35... bxc2 36. Bd2 Re4 37. Rxc2 Re2 38. Kg1 Kh7 39. Kf1 Rxe5 40. Rc8 Bc5 41. Bc3 Rf5 42. f3 Bb6 43. Rc6 Rb5 44. Rc8 $6 (44. Ke2 Ba5 45. Bd4 Rg5 46. Kf2 Rg6) 44... Ba5 45. Bxa5 {(=)} 1/2-1/2

[Event "78. C.to Provinciale 14.Open"]
[Site "Ferrara ITA"]
[Date "2018.01.14"]
[Round "5"]
[White "Castellari, Claudio"]
[Black "Renier, Renzo"]
[Result "1/2-1/2"]
[ECO "D95"]
[WhiteElo "1925"]
[BlackElo "1936"]
[Annotator "Gabriele Ballarin"]
[PlyCount "82"]
[EventDate "2018.01.12"]
[EventType "swiss"]
[EventRounds "5"]
[EventCountry "ITA"]
[TimeControl "5400+30"]

1. d4 Nf6 2. c4 g6 3. Nc3 d5 4. Nf3 Bg7 5. e3 O-O 6. Qb3 dxc4 (6... e6 7. Bd2 b6 8. Be2 Bb7 9. O-O Nbd7 10. cxd5 exd5 11. Rac1 c6 (11... c5 12. dxc5 Nxc5) 12. Rfd1 Re8 13. Be1 Bf8 14. Nd2 Re6 15. Bf3 Qe7 16. Ne2 Bh6 17. Nf4 Rd6 18. Nf1 a5) 7. Bxc4 e6 (7... Nfd7 $1 8. Ng5 (8. O-O Nb6 9. Be2 Be6 10. Qc2 Nc6) 8... e6 9. f4 Nb6) (7... Nbd7 8. Ng5 e6 9. Bxe6 fxe6 10. Nxe6 Qe7 11. Nxc7+ Kh8 12. Nxa8 Ng4 13. Bd2 Qh4 14. O-O-O Nxf2 15. Be1 Bh6 16. Nc7 Bxe3+ 17. Kb1) 8. Be2 b6 9. O-O Bb7 10. Bd2 Nbd7 11. Rac1 c5 12. Nb5 Ne4 13. Rfd1 Qe7 14. Be1 Rfc8 15. Qa3 a6 16. Nc3 Bf8 (16... Nd6) 17. Nxe4 Bxe4 18. dxc5 Nxc5 19. Bb4 Qb7 20. Ne1 a5 21. Bxc5 Bxc5 (21... Rxc5 22. Rxc5 bxc5 23. Bc4 Bg7 24. b3 Qb4) 22. Qa4 Rd8 (22... Bb4) 23. Bf3 Bxf3 24. Nxf3 Qc7 25. h3 Rxd1+ 26. Rxd1 Rd8 27. Ng5 Rxd1+ (27... Bd6 28. Qb3 Bh2+ 29. Kh1 Rxd1+ 30. Qxd1 Be5) 28. Qxd1 Qe5 $2 (28... Be7) 29. Qd8+ Kg7 (29... Bf8 30. Nxh7 Kxh7 31. Qxf8 Qf5 32. f3) 30. h4 $2 (30. Qh8+ $1 Kxh8 31. Nxf7+ Kg7 32. Nxe5) 30... Qd6 (30... Qxb2) 31. Qxd6 Bxd6 32. Ne4 Be7 33. g3 f5 34. Nd2 Kf6 35. Nc4 Bc5 36. Kf1 e5 37. Ke2 Ke6 38. f3 Kd5 39. b3 e4 (39... a4) 40. a4 Ke6 41. f4 Kd5 {(=)} 1/2-1/2

[Event "5' G.P. - Noventa Padovana"]
[Site "Noventa Padovana"]
[Date "2019.10.27"]
[Round "1"]
[White "Andreose, Pietro"]
[Black "Renier, Renzo"]
[Result "0-1"]
[ECO "B25"]
[WhiteElo "1419"]
[BlackElo "1894"]
[Annotator "Gabriele Ballarin"]
[PlyCount "90"]
[EventDate "2019.10.27"]
[EventType "swiss"]
[EventCountry "ITA"]
[TimeControl "1500+10"]

1. e4 c5 2. Nc3 Nc6 3. g3 g6 4. Bg2 Bg7 5. d3 e5 6. Be3 d6 7. Nge2 Nge7 8. Qd2 O-O 9. O-O Rb8 10. f4 f6 11. h3 Bd7 12. g4 Nd4 13. Ng3 Qa5 (13... Qb6) 14. f5 g5 $6 (14... Rbe8) 15. Nh5 h6 16. Nd5 Qxd2 $2 (16... Qd8) 17. Nxe7+ Kf7 18. Bxd2 Kxe7 19. Nxg7 Nxc2 20. Rac1 Nd4 21. Kf2 b5 22. Nh5 b4 23. Be3 Nb5 24. Rfd1 Rfc8 25. Bf1 Be8 26. Ng3 Bf7 27. b3 Nc3 28. Rd2 Rc6 29. Rdc2 Ra6 30. d4 Rxa2 31. Rxa2 Nxa2 32. Ra1 Bxb3 33. dxc5 a5 34. cxd6+ Kxd6 35. Ne2 a4 36. Nc1 Rc8 37. Nxb3 axb3 38. Rb1 Rc2+ 39. Ke1 b2 40. Kd1 b3 41. Bd2 Kc5 42. Bd3 Nc3+ 43. Bxc3 (43. Ke1 Nxb1) 43... Rxc3 44. Rxb2 Rxd3+ 45. Kc1 Kd4 $138 0-1

[Event "5' G.P. - Noventa Padovana"]
[Site "Noventa Padovana"]
[Date "2019.10.27"]
[Round "2"]
[White "Renier, Renzo"]
[Black "Dessì, Luca"]
[Result "1-0"]
[ECO "C79"]
[WhiteElo "1894"]
[BlackElo "1458"]
[Annotator "Gabriele Ballarin"]
[PlyCount "75"]
[EventDate "2019.10.27"]
[EventType "swiss"]
[EventCountry "ITA"]
[TimeControl "1500+10"]

1. e4 e5 2. Nf3 Nc6 3. Bb5 a6 4. Ba4 Nf6 5. O-O d6 6. Bxc6+ (6. d4 b5 7. Bb3 Nxd4 8. Nxd4 exd4 9. c3 dxc3 10. e5 c2 11. Qxc2 dxe5 12. a4 Rb8 13. axb5 axb5 14. Bg5 Bd6) 6... bxc6 7. d4 Bg4 $6 (7... exd4 8. Qxd4 Be7 9. Nc3 O-O 10. b3 Bg4 11. Qd3 Bxf3 12. Qxf3 Nd7 13. Bb2 Bf6) 8. dxe5 Bxf3 9. Qxf3 dxe5 10. Bg5 Be7 11. Nd2 h6 12. Bxf6 Bxf6 13. Nc4 Qd4 14. b3 O-O 15. Rad1 Qc5 16. Rd7 Rac8 17. Rfd1 Rfd8 18. Qf5 Qe7 19. g3 (19. Na5) 19... Rxd7 20. Qxd7 Re8 21. Qxc6 Rd8 22. Rxd8+ Qxd8 23. Ne3 Bg5 24. Nd5 Qc8 25. h4 $6 (25. Qxc7) 25... Bxh4 26. Qxc7 Qxc7 27. Nxc7 Bd8 28. Nxa6 Bb6 29. c4 Kf8 30. c5 Bd8 31. c6 Ke7 32. c7 Bxc7 33. Nxc7 Kd6 34. Nd5 Kc5 35. a4 f5 36. b4+ Kc6 37. Ne7+ Kd6 38. Nxf5+ 1-0

[Event "5' G.P. - Noventa Padovana"]
[Site "Noventa Padovana"]
[Date "2019.10.27"]
[Round "3"]
[White "Ranzato, Paolo"]
[Black "Renier, Renzo"]
[Result "0-1"]
[ECO "A03"]
[WhiteElo "1747"]
[BlackElo "1894"]
[Annotator "Gabriele Ballarin"]
[PlyCount "102"]
[EventDate "2019.10.27"]
[EventType "swiss"]
[EventCountry "ITA"]
[TimeControl "1500+10"]

1. f4 c5 2. Nf3 d5 3. e3 Bg4 4. Bb5+ Nd7 5. O-O e6 6. d3 Ngf6 7. Nbd2 g6 8. Qe1 Bxf3 9. Nxf3 Bg7 10. c3 O-O 11. Bxd7 Nxd7 12. e4 Qc7 13. Qh4 Qd8 $2 (13... c4) 14. Qh3 dxe4 15. dxe4 Nf6 16. f5 exf5 (16... Nxe4 17. fxg6 hxg6 18. Bh6 Qb6) 17. exf5 Qd3 18. fxg6 hxg6 19. Bh6 Bxh6 (19... Rad8) 20. Qxh6 Ng4 $2 (20... Rad8) 21. Qh4 f5 22. Ng5 $6 (22. Rfe1) 22... Qe3+ 23. Kh1 Kg7 24. Rae1 $6 Rh8 25. Qxh8+ Rxh8 26. Rxe3 Nxe3 27. Re1 Re8 28. h3 Re7 29. Kg1 Kf6 30. h4 Nc4 31. Rxe7 Kxe7 32. b3 Ne5 33. Nf3 Nxf3+ (33... Nd3 $1) 34. gxf3 Kf6 35. Kf2 Ke5 36. Ke3 b6 37. f4+ Kd5 38. c4+ Kd6 39. Kd3 Kc6 40. Kc3 Kd6 41. b4 Kc6 42. a3 Kd6 43. Kd3 cxb4 44. axb4 a5 45. bxa5 $4 (45. Kc3 Kc6 (45... a4 46. Kb2 Kc6 47. Ka3 b5 48. c5 Kd5) 46. Kb3 Kd7 47. Kc3) 45... bxa5 46. Kc3 Kc5 47. Kb3 a4+ 48. Kxa4 Kxc4 49. Ka3 Kd4 50. Kb3 Ke4 51. Kc3 Kxf4 0-1

[Event "5' G.P. - Noventa Padovana"]
[Site "Noventa Padovana"]
[Date "2019.10.27"]
[Round "4"]
[White "Renier, Renzo"]
[Black "Di Meo, Antonio"]
[Result "1/2-1/2"]
[ECO "B28"]
[WhiteElo "1894"]
[BlackElo "1821"]
[Annotator "Gabriele Ballarin"]
[PlyCount "49"]
[EventDate "2019.10.27"]
[EventType "swiss"]
[EventCountry "ITA"]
[TimeControl "1500+10"]

1. e4 e6 2. d4 {(=)} a6 3. Bd3 b5 4. Nf3 Bb7 5. O-O c5 6. c3 Nf6 7. Re1 Be7 8. Bg5 Qb6 9. Bxf6 gxf6 10. Nbd2 Rg8 11. Nf1 h5 12. h4 Qc7 13. Ng3 Nc6 14. Rc1 Qf4 15. Nxh5 Qg4 16. Ng3 f5 17. exf5 O-O-O 18. Be4 Bd6 19. Ne5 Qxh4 20. Nxf7 Bxg3 21. fxg3 Qxg3 22. Qf3 Qxf3 23. Bxf3 Rdf8 24. fxe6 dxe6 25. Bh5 {(Patta dopo un lungo finale)} (25. Nd6+ Kc7 26. Nxb7 Rxf3 27. Nxc5) 1/2-1/2

[Event "5' G.P. - Noventa Padovana"]
[Site "Noventa Padovana"]
[Date "2019.10.27"]
[Round "5"]
[White "Ranieri, Pierpaolo"]
[Black "Renier, Renzo"]
[Result "1/2-1/2"]
[ECO "A48"]
[WhiteElo "1706"]
[BlackElo "1894"]
[Annotator "Gabriele Ballarin"]
[PlyCount "110"]
[EventDate "2019.10.27"]
[EventType "swiss"]
[EventCountry "ITA"]
[TimeControl "1500+10"]

1. d4 Nf6 2. Nf3 g6 3. Nbd2 Bg7 4. e4 O-O 5. e5 Ne8 6. Bc4 d6 7. Qe2 Nc6 8. e6 d5 9. exf7+ Rxf7 10. Bb3 e5 (10... Nxd4) 11. dxe5 Nxe5 12. Nxe5 Bxe5 13. Nf3 Bg4 $2 14. Bg5 $6 (14. Qxe5 $3 Re7 15. Bxd5+ Kf8 16. Bh6+ Ng7 17. Bxg7+ Ke8 18. O-O-O Rxe5 19. Bc6+ bxc6 20. Rxd8+ Rxd8 21. Bxe5) 14... Bf6 15. Bxf6 Rxf6 16. O-O-O c6 17. c4 Nc7 18. Rhe1 Bxf3 19. gxf3 Re6 20. Qd3 Qg5+ 21. Kb1 Rae8 (21... Rxe1 22. Rxe1 Rf8) 22. Rxe6 Rxe6 23. cxd5 Nxd5 24. Bxd5 cxd5 25. Qxd5 Qxd5 26. Rxd5 Re1+ (26... Re2) 27. Kc2 Re2+ $6 (27... Rf1) 28. Rd2 Re5 (28... Rxd2+ 29. Kxd2 Kf7 30. Kd3 Kf6 31. Ke4 Ke6 32. f4 Kf6 33. a3 Ke6 34. b4 Kf6 35. a4 Ke6 36. a5 a6 37. f3) 29. Rd8+ Kg7 30. Rd7+ Kh6 31. Kd3 Rb5 32. b3 a5 33. Kc4 Rb4+ 34. Kc5 b6+ 35. Kc6 a4 36. Rd3 g5 37. bxa4 Rxa4 38. a3 Rh4 39. Kxb6 Rxh2 40. a4 Rxf2 41. Rb3 Ra2 42. a5 Kg6 43. a6 h5 44. Kb7 h4 45. a7 h3 46. Rb6+ Kf5 47. a8=Q Rxa8 48. Kxa8 Kf4 49. Rf6+ Kg3 50. Rg6 Kf4 (50... h2 51. Rxg5+ Kh4 52. Rg8) 51. Rf6+ Kg3 52. Rg6 Kxf3 53. Rxg5 h2 54. Rh5 Kg2 55. Rxh2+ Kxh2 1/2-1/2